 Dungeon Sprint DCSS version 0.19.1-1-g22dce08 (webtiles) character file.

2345 Angani the Eclecticist (level 9, -13/45 HPs)
             Began as a Deep Elf Conjurer on Jan 20, 2017.
             Was a Follower of Vehumet.
             Killed by an exploding fulminant prism (31 damage)
             ... created by the player character
             ... in the Dungeon (Sprint I: "Red Sonja").
             The game lasted 00:05:35 (1036 turns).

Angani the Eclecticist (Deep Elf Conjurer)          Turns: 1036, Time: 00:05:36

Health: -13/45     AC:  3    Str:  5    XL:     9   Next: 20%
Magic:  11/34      EV: 13    Int: 24    God:    Vehumet [*.....]
Gold:   241        SH:  0    Dex: 15    Spells: 6 memorised, 27 levels left

rFire  . . .     SeeInvis .     j - +4 scythe (protect)
rCold  . . .     Gourm    .     a - +0 robe
rNeg   . . .     Faith    .     (shield currently unavailable)
rPois  .         Spirit   .     (no helmet)
rElec  .         Reflect  .     (no cloak)
rCorr  .         Harm     .     (no gloves)
MR     .....     NoTele   +     m - +0 pair of boots
Stlth  ++........               (no amulet)
                                (no ring)
                                (no ring)

@: very slightly contaminated
A: no striking features
a: Renounce Religion


You were in the Dungeon.
You worshipped Vehumet.
Vehumet was aware of your devotion.
You were hungry.

You visited 1 branch You collected 642 gold pieces.
You spent 401 gold pieces at shops.

Inventory:

Hand Weapons
 j - a +4 scythe of protection (weapon)
Armour
 a - a +0 robe (worn)
 m - a +0 pair of boots (worn)
Scrolls
 h - a scroll of recharging
 i - 2 scrolls of blinking
 l - a scroll of immolation
 n - a scroll of amnesia
Potions
 b - a potion of agility
 d - a potion of curing
 e - a potion of heal wounds
 f - 2 potions of haste
 g - 2 potions of magic
Books
 k - a book of Debilitation

   Spells                             Type                      Level
   a - Corona                         Hexes                        1
   b - Slow                           Hexes                        2
   c - Gell's Gravitas                Hexes/Translocation          3
   d - Inner Flame                    Hexes/Fire                   3
   e - Cause Fear                     Hexes                        4
   f - Leda's Liquefaction            Hexes/Earth                  4
Comestibles
 c - a bread ration


   Skills:
 - Level 2.4 Dodging
 - Level 2.4 Stealth
 * Level 19.3 Spellcasting
 + Level 14.7 Conjurations


You had 27 spell levels left.
You knew the following spells:

 Your Spells              Type           Power        Failure   Level  Hunger
a - Magic Dart            Conj           ####         0%          1    None
b - Searing Ray           Conj           ######       0%          2    None
c - Dazzling Spray        Conj/Hex       ######       1%          3    None
d - Iskenderun's Mystic   Conj           #######.     1%          4    None
e - Fulminant Prism       Conj/Hex       ######....   1%          4    None
f - Iskenderun's Battles  Conj/Chrm      ######..     2%          5    None


Dungeon Overview and Level Annotations

Branches:
Dungeon (1/1)

Altars:
Cheibriados
Dithmenos
Elyvilon
Fedhas
Gozag
Hepliaklqana
Kikubaaqudgha
Makhleb
Nemelex Xobeh
Okawaru
Qazlal
Ru
Sif Muna
Trog
Uskayaw
Vehumet
Xom
Yredelemnul
Zin
The Shining One
Jiyva
Lugonu

Shops:
D *?[


Message History

Unknown command.
Unknown command.
Casting: Iskenderun's Mystic Blast
Confirm with . or Enter, or press ? or * to list all spells.
You can't see any susceptible monsters within range! (Use Z to cast anyway.) Unknown command.
Casting: Iskenderun's Mystic Blast
Confirm with . or Enter, or press ? or * to list all spells.
Aiming: Fulminant Prism
Press: ? - help, Dir - move target cursor You conjure a prism of explosive energy!
Your fulminant prism crackles loudly.
The centaur warrior shoots an arrow.
The arrow hits your battlesphere!
Your battlesphere is destroyed!
You hear an explosion!
The blast of energy engulfs the centaur warrior.
The centaur warrior is heavily wounded.
The blast of energy engulfs you!
Ouch! That really hurt!
You die...

#..)..#..'..#__#..+
'..#..[..#..'..+..#
#####'#####'#__####
####..#...#:####§§#
#__####..##)#§≈≈§§
#_____##'#..+§§§.
#_.∩...'..._#§*§
#_..__##_.#'##§###
#_____###'#(#§§c@###
#########.####'###.##
.......'.).'.....'.∩#
++++####...##########
##.## #+#


You could see a centaur warrior.

Vanquished Creatures
  A centaur warrior (D)
  Sonja (D)
  A deep troll (D)
  A slime creature (D)
  Sigmund (D)
  A yak (D)
  An ogre (D)
  A jelly (D)
  Ijyb (D)
9 creatures vanquished.

Vanquished Creatures (others)
  A gargoyle (D)
  A fulminant prism (D)
2 creatures vanquished.

Grand Total: 11 creatures vanquished

Notes
Turn   | Place    | Note
-------+----------+-------------------------------------------
     0 | D        | Angani the Deep Elf Conjurer began the quest for the Orb.
     0 | D        | Reached XP level 1. HP: 10/10 MP: 6/6
     2 | D        | Noticed Ijyb
    16 | D        | Killed Ijyb
    16 | D        | Reached skill level 6 in Spellcasting
    16 | D        | Reached XP level 2. HP: 13/15 MP: 7/11
   107 | D        | Learned a level 2 spell: Searing Ray
   110 | D        | Noticed an ogre
   116 | D        | Killed an ogre
   116 | D        | Reached skill level 9 in Spellcasting
   116 | D        | Reached XP level 3. HP: 8/19 MP: 4/15
   116 | D        | Reached XP level 4. HP: 10/24 MP: 4/17
   299 | D        | Learned a level 3 spell: Dazzling Spray
   304 | D        | Learned a level 4 spell: Iskenderun's Mystic Blast
   309 | D        | Learned a level 4 spell: Fulminant Prism
   309 | D        | Noticed Sigmund
   319 | D        | Killed Sigmund
   319 | D        | Reached skill level 11 in Spellcasting
   319 | D        | Reached skill level 10 in Conjurations
   319 | D        | Reached XP level 5. HP: 16/28 MP: 4/21
   319 | D        | Reached XP level 6. HP: 18/32 MP: 4/22
   423 | D        | Killed a gargoyle
   470 | D        | Found a deep blue altar of Sif Muna.
   472 | D        | Found a radiant altar of Vehumet.
   473 | D        | Reached skill level 12 in Spellcasting
   483 | D        | Learned a level 5 spell: Iskenderun's Battlesphere
   491 | D        | Became a worshipper of Vehumet
   523 | D        | Found Seguadgh's Magic Scroll Emporium.
   523 | D        | Found an ancient bone altar of Kikubaaqudgha.
   523 | D        | Found a hazy altar of Hepliaklqana.
   523 | D        | Found a stormy altar of Qazlal.
   523 | D        | Found a hide-covered altar of Uskayaw.
   523 | D        | Found a blossoming altar of Fedhas.
   523 | D        | Found a bloodstained altar of Trog.
   523 | D        | Found an iron altar of Okawaru.
   523 | D        | Found a basalt altar of Yredelemnul.
   523 | D        | Found a glowing golden altar of the Shining One.
   523 | D        | Found a snail-covered altar of Cheibriados.
   523 | D        | Found a sacrificial altar of Ru.
   523 | D        | Found a glowing silver altar of Zin.
   523 | D        | Found a shadowy altar of Dithmenos.
   523 | D        | Found a white marble altar of Elyvilon.
   523 | D        | Noticed a yak
   525 | D        | Killed a yak
   525 | D        | Reached skill level 13 in Spellcasting
   526 | D        | Found an opulent altar of Gozag.
   527 | D        | Found a sparkling altar of Nemelex Xobeh.
   531 | D        | Bought a scroll of blinking for 97 gold pieces
   604 | D        | Noticed Sonja
   605 | D        | Killed Sonja
   605 | D        | Reached skill level 16 in Spellcasting
   605 | D        | Reached XP level 7. HP: 36/36 MP: 15/28
   605 | D        | Reached XP level 8. HP: 41/41 MP: 16/30
   623 | D        | Found Qokyom's Assorted Antiques.
   631 | D        | Bought a ruby potion for 20 gold pieces
   631 | D        | Bought a scroll labeled VIULOG UNICOTZ for 23 gold pieces
   631 | D        | Bought a scroll labeled XIFFIURAKE for 23 gold pieces
   631 | D        | Bought a twisted silver amulet for 115 gold pieces
   649 | D        | Bought a scroll of identify for 26 gold pieces
   786 | D        | Found a burning altar of Makhleb.
   786 | D        | Found a viscous altar of Jiyva.
   786 | D        | Found a shimmering altar of Xom.
   786 | D        | Found a corrupted altar of Lugonu.
   786 | D        | Noticed a slime creature
   789 | D        | Killed a slime creature
   789 | D        | Reached * piety under Vehumet
   789 | D        | Offered knowledge of Sting by Vehumet.
   899 | D        | Noticed a deep troll
   902 | D        | Killed a deep troll
   902 | D        | Reached skill level 18 in Spellcasting
   913 | D        | Found Pyatweg's Armour Emporium.
   921 | D        | Bought a +0 pair of boots for 45 gold pieces
  1009 | D        | Bought a scroll of identify for 26 gold pieces
  1009 | D        | Bought a scroll of identify for 26 gold pieces
  1029 | D        | Noticed a centaur warrior
  1033 | D        | Noticed a centaur warrior
  1033 | D        | Killed a centaur warrior
  1033 | D        | Reached skill level 19 in Spellcasting
  1033 | D        | Reached XP level 9. HP: 28/45 MP: 15/34
  1036 | D        | Killed by an exploding fulminant prism

Skill      XL: |  1  2  3  4  5  6  7  8 |
---------------+-------------------------+-----
Spellcasting   | 6 9 11 16 19 | 19.3
Conjurations   | 6 8 10 13 14 | 14.7
Dodging        | |  2.4
Stealth        | |  2.4

Action                   |  1- 3 |  4- 6 |  7- 9 || total
-------------------------+-------+-------+-------++-------
Melee: Unarmed           |    12 |       |       ||    12
 Cast: Searing Ray       |     2 |     2 |       ||     4
       Dazzling Spray    |       |     1 |       ||     1
       Iskenderun's Myst |       |     4 |     7 ||    11
       Iskenderun's Batt |       |     2 |     3 ||     5
       Fulminant Prism   |       |       |     2 ||     2
  Use: Potion            |     1 |       |       ||     1
       Scroll            |       |       |     5 ||     5
Armor: Robe              |     2 |       |       ||     2
Dodge: Dodged            |     5 |     4 |     1 ||    10
